 Dungeon Crawl Stone Soup version 0.31-a0-1616-gbeaec30b81 (webtiles) character file.

Game seed: 16714454228604985161

188186 Amplified the Warrior (level 17, -13/163 HPs)
             Began as a Minotaur Alchemist on Jan 9, 2024.
             Was an Elder of Zin.
             Killed from afar by an ironbound thunderhulk (41 damage)
             ... with a bolt of lightning
             ... on level 2 of the Vaults on Jan 10, 2024.
             The game lasted 01:37:07 (30205 turns).

Amplified the Warrior (Minotaur Alchemist)         Turns: 30205, Time: 01:37:07

Health: -13/163    AC: 40    Str: 25    XL:     17   Next: 27%
Magic:  28/28      EV: 13    Int: 24    God:    Zin [****..]
Gold:   163        SH: 14    Dex: 19    Spells: 28/32 levels left

rFire   . . .        d - +2 whip (elec)
rCold   + + .        e - +2 kite shield {AC+3}
rNeg    . . .        n - +11 plate armour of the Doldrums {Int+6}
rPois   ∞            (helmet restricted)
rElec   .            f - +2 cloak {rC+}
rCorr   .            B - +2 pair of gloves {hurl}
SInv    +            c - +2 pair of boots {Stlth+}
Will    +....        h - amulet of regeneration Stlth
                     Q - ring of Ocrov {rPois SInv}
HPRegen 1.27/turn    k - ring "Voeryogg" {rC+ EV+5}
MPRegen 0.21/turn

%: no passive effects
@: vitalised
A: horns 2, retaliatory headbutt
}: 1/15 runes: serpentine
a: Renounce Religion, Recite, Vitalisation, Imprison, Donate Gold


You were on level 2 of the Vaults.
You worshipped Zin.
Zin was greatly pleased with you.
You visited 6 branches of the dungeon, and saw 29 of its levels.
You visited the Abyss 2 times.
You also visited: Ossuary, Bailey, Gauntlet and Ice Cave.

You collected 2261 gold pieces.
You spent 1679 gold pieces at shops.
You donated 419 gold pieces to Zin.

Inventory:

Hand Weapons
 d - a +2 whip of electrocution (weapon)
 M - a +0 morningstar of protection
Missiles
 T - 6 silver javelins (quivered)
Armour
 c - a +2 pair of boots of stealth (worn)
 e - a +2 kite shield of protection (worn)
 f - a +2 cloak of cold resistance (worn)
 n - the +11 plate armour of the Doldrums (worn) {Int+6}
   (You found it on level 12 of the Dungeon)

   Int+6:     It affects your intelligence (+6).
 x - a +2 ring mail of fire resistance
 B - a +2 pair of gloves of hurling (worn)
 U - the +3 cloak of the Will of the Gods {+Blink rC- Regen+}
   (You found it in a Gauntlet)

   rC-:       It makes you vulnerable to cold.
   +Blink:    It lets you blink.
   Regen+:    It increases your rate of health regeneration.
Jewellery
 h - an amulet of regeneration (around neck)
 k - the ring "Voeryogg" (right hand) {rC+ EV+5}
   (You found it on level 9 of the Dungeon)

   [ring of evasion]

   EV+5:      It affects your evasion (+5).
   rC+:       It protects you from cold.
 u - an amulet of reflection
 z - a ring of protection from cold
 E - a ring of positive energy
 K - a ring of ice
 N - a ring of flight
 Q - the ring of Ocrov (left hand) {rPois SInv}
   (You found it in a Gauntlet)

   [ring of poison resistance]

   rPois:     It protects you from poison SInv: It lets you see invisible.
 S - a ring of protection from fire
Wands
 m - a wand of charming (20)
 p - a wand of digging (10)
 r - a wand of flame (72)
 A - a wand of mindburst (6)
Scrolls
 s - a scroll of revelation
 t - 13 scrolls of identify
 v - 4 scrolls of immolation
 w - 3 scrolls of vulnerability
 C - 4 scrolls of poison
 H - 3 scrolls of amnesia
 L - a scroll of brand weapon
Potions
 b - 3 potions of magic
 j - 5 potions of mutation
 q - 8 potions of brilliance
 F - a potion of attraction
 J - a potion of ambrosia
Miscellaneous
 l - a lightning rod (3/4)
 o - a phantom mirror (inert)
 y - a condenser vane (inert)
 G - a phial of floods


   Skills:
 - Level 18.1 Fighting
 - Level 12.7 Maces & Flails
 - Level 12.5 Armour
 - Level 2.6 Dodging
 - Level 1.5 Stealth
 - Level 8.7 Shields
 * Level 8.2 Spellcasting
 - Level 0.6 Conjurations
 * Level 7.7 Translocations
 - Level 3.6 Air Magic
 - Level 4.4 Alchemy
 - Level 15.9 Invocations


You had 28 spell levels left.
You knew the following spells:

 Your Spells              Type           Power      Damage    Failure   Level
a - Lesser Beckoning      Tloc           94%        N/A       6%          2
b - Mercury Vapours       Alch/Air       58%        N/A       28%         2

Your spell library contained the following spells:

 Spells                   Type           Power      Damage    Failure   Level
 Apportation              Tloc           94%        N/A       4%          1
 Blink                    Tloc           94%        N/A       6%          2
 Momentum Strike          Conj/Tloc      58%        3d9       26%         2
 Sting                    Conj/Alch      84%        1d8       34%         1
 Static Discharge         Conj/Air       40%        3-5/arc   52%         2
 Swiftness                Air            27%        N/A       54%         3
 Mephitic Cloud           Conj/Alch/Air  23%        N/A       65%         3
 Ensorcelled Hibernation  Hex/Ice        18%        N/A       83%         2
 Jinxbite                 Hex            18%        N/A       83%         2
 Olgreb's Toxic Radiance  Alch           31%        N/A       85%         4
 Airstrike                Air            13%        2d(2-18)  91%         4
 Frozen Ramparts          Ice            18%        1d3       96%         3
 Ozocubu's Armour         Ice            9%         N/A       96%         3
 Passwall                 Erth           9%         N/A       96%         3
 Summon Ice Beast         Ice/Summ       9%         N/A       96%         3
 Leda's Liquefaction      Alch/Erth      10%        N/A       98%         4
 Petrify                  Alch/Erth      20%        N/A       98%         4
 Sticky Flame             Fire/Alch      20%        2d6       98%         4
 Summon Lightning Spire   Summ/Air       18%        N/A       99%         4
 Alistair's Intoxication  Alch           20%        N/A       99%         5
 Iskenderun's Battlesphe  Conj           12%        2d7       100%        5
 Metabolic Englaciation   Hex/Ice        4%         N/A       100%        5
 Summon Mana Viper        Hex/Summ       9%         N/A       100%        5
 Bombard                  Conj/Erth      5%         9d2       100%        6
 Sculpt Simulacrum        Ice/Alch       10%        N/A       100%        6
 Malign Gateway           Summ/Tloc      14%        N/A       100%        7
 Monstrous Menagerie      Summ           4%         N/A       100%        7
 Ozocubu's Refrigeration  Ice            4%         4d8       100%        7
 Spellforged Servitor     Conj/Summ      5%         N/A       100%        7
 Discord                  Hex            4%         N/A       100%        8


Dungeon Overview and Level Annotations

Branches:
Dungeon (15/15)            Temple (1/1) D:4            Lair (5/5) D:9
  Swamp (0/4) Lair:3        Snake (4/4) Lair:2        Slime (0/5) Lair:5
    Orc (2/2) D:11         Vaults (2/5) D:13          Crypt (0/3) Vaults:2
Ossuary (visited)          Bailey (visited)           IceCv (visited)
Gauntlet (visited)
    Elf: Orc:2       Depths: D:15

Altars:
Ashenzari
Cheibriados
Dithmenos
Elyvilon
Fedhas
Gozag
Hepliaklqana
Kikubaaqudgha
Makhleb
Nemelex Xobeh
Okawaru
Qazlal
Ru
Sif Muna
Trog
Uskayaw
Vehumet
Wu Jian
Xom
Yredelemnul
Zin
The Shining One
Jiyva

Shops:
D:2 !   D:8 [   D:9 *   D:14 =?   Orc:1 *!

Annotations:
D:14
D:14 danger
Lair:5 1 runed translucent door, exclusion: oklob plant
Snake:2 Mlioglotl
Snake:3 Nikola!, Nikola
Snake:4 Left upstairs danger
Orc:1 2 transporters, tish's ghost, adept DjFE
Orc:2 Rupert, left stairs!, Rupert


Innate Abilities, Weirdness & Mutations

You have a pair of horns on your head.
You reflexively headbutt those who attack you in melee.


Message History

Unknown command.
As you read the scroll of fear, it crumbles to dust.
You assume a fearsome visage.
The peacekeeper is unaffected.
The great orb of eyes looks frightened!
The peacekeeper bites you. You block the peacekeeper's attack.
Unknown command.
Unknown command.
The peacekeeper hurls a volley of spikes at you.
You block the volley of spikes.
The peacekeeper hurls a volley of spikes at you.
The volley of spikes skewers you but does no damage.
Okay, then.
Clouds condense from the air!
The condenser dries out!
Unknown command.
Unknown command.
Unknown command.
You whack the peacekeeper!
The peacekeeper is almost destroyed.
The peacekeeper bites you. You block the peacekeeper's attack.
Unknown command.
Unknown command.
You completely miss the peacekeeper.
The peacekeeper is almost destroyed.
You block the peacekeeper's attack. x2
Unknown command.
You hit the peacekeeper but do no damage.
You headbutt the peacekeeper.
The peacekeeper is almost destroyed.
Electricity crackles from the ironbound thunderhulk's apparatus.
The bolt of lightning hits you!!
* * * LOW HITPOINT WARNING * * *
You block the peacekeeper's attack. x2
Unknown command.
You hit the peacekeeper but do no damage.
You headbutt the peacekeeper, but do no damage.
The peacekeeper is almost destroyed.
You block the war gargoyle's attack.
Electricity crackles from the ironbound thunderhulk's apparatus.
The bolt of lightning hits you!!!
You die...

*,,,,* *,,,,,,*
#....#*******,,,,,,*
#....+,,,,,,+,,,,,,*
#....#,,,,,,*,,,,,,* *****
#....#,,,,,,*,,,,<,* ,,,,*
#....#,,,,,,*,,,,,,* ,,,,*
#....#,>,,,,*,,,,,,* ,,,,*
#....#,,,,,,******** ,,,,*
#..@.#,,,,,,* ,,,,* #.§99#*******
,,,,* #.§§§#
***********###..☼.###############
,,,,,,,,,,........O...9.O........
,,,,,,,,,,.......................
**********#######################


You could see an ironbound thunderhulk, a war gargoyle (strong) and a
peacekeeper.

Vanquished Creatures
  Frances (Snake:1)
  3 nagarajas (Snake:4)
  A vault warden (Vaults:1)
  A very ugly thing (Orc:1)
  An ironbound thunderhulk (Vaults:1)
  An ironbound preserver (Vaults:1)
  A deep elf demonologist (Vaults:1)
  An eleionoma (Lair:3)
  4 dire elephants (Vaults:1)
  The ghost of HourglassMan the Cleaver, a journeyman MiFi of Uskayaw (D:11)
  A minotaur (Gauntlet)
  An entropy weaver (Vaults:1)
  3 vault guards (Vaults:1)
  Erolcha (Orc:1)
  6 hydras
  3 ironbound frosthearts (Vaults:1)
  A salamander tyrant (Snake:4)
  5 anacondas
  A death knight (D:14)
  A catoblepas (Lair:5)
  2 boulder beetles
  8 centaur warriors
  9 naga warriors
  4 two-headed ogres
  A two-headed ogre (shapeshifter) (Vaults:1)
  A deep troll shaman (Lair:5)
  2 tengu warriors (D:14)
  4 death yaks (Lair:5)
  An orc high priest (Orc:2)
  6 shock serpents
  11 naga sharpshooters
  3 thrashing horrors
  Nergalle (D:11)
  5 salamander mystics
  5 skeletal warriors (D:15)
  7 deep trolls
  A flayed ghost (D:15)
  8 ironbound convokers
  5 mana vipers
  6 naga ritualists
  A harpy (Vaults:1)
  2 orc knights
  A necromancer (D:15)
  4 lindwurms
  A sphinx simulacrum (D:15)
  4 deep elf pyromancers
  3 manticores (D:14)
  5 cyclopes
  A worldbinder (Abyss:2)
  5 ugly things
  13 salamanders
  4 kobold blastminers
  9 naga magi
  36 black mambas
  2 guardian serpents
  2 ice statues (IceCv)
  A black mamba (shapeshifter) (D:13)
  13 elephants
  2 smoke demons
  2 gargoyles (D:13)
  12 cane toads
  3 unseen horrors
  6 rime drakes
  A rime drake (shapeshifter) (D:13)
  3 efreet
  A kobold demonologist (D:13)
  7 komodo dragons
  2 freezing wraiths
  2 polar bears (Lair:5)
  Psyche (D:11)
  A queen bee (Lair:1)
  6 trolls
  12 blink frogs
  A raiju (Gauntlet)
  A spriggan zombie (D:15)
  4 dream sheep (Lair:4)
  3 hornets
  11 slime creatures
  2 shadows
  A wyvern (Lair:4)
  4 wraiths
  2 water elementals (D:15)
  7 basilisks
  61 yaks
  2 wargs (Orc:1)
  A chaos spawn (Abyss:2)
  A death yak simulacrum (IceCv)
  6 steam dragons
  45 nagas
  2 acid dragons (D:9)
  14 water moccasins
  A meliai simulacrum (D:14)
  A swamp drake (D:11)
  28 orc warriors
  An ice beast (D:4)
  6 black bears
  A sky beast (D:8)
  A laughing skull (Abyss:2)
  4 ogres
  20 wolves
  7 centaurs
  A phantom (D:7)
  Blork the orc (D:6)
  2 kobold brigands
  3 elf zombies (Ossuary)
  17 bullfrogs
  A gnoll sergeant (D:11)
  2 scorpions
  5 small abominations
  9 wights
  2 jellies
  An elephant simulacrum (IceCv)
  45 killer bees
  A troll skeleton (D:10)
  5 spriggan skeletons (D:10)
  An electric eel (D:15)
  3 crimson imps (Gauntlet)
  8 howler monkeys
  2 bombardier beetles
  4 human zombies (Ossuary)
  6 hounds
  4 centaur zombies (Ossuary)
  12 orc priests
  4 iguanas
  2 sleepcaps
  21 orc wizards
  3 mummies (Ossuary)
  4 gnolls (D:11)
  12 adders
  2 shadow imps
  A white imp (Abyss:2)
  4 ufetubi (D:6)
  2 dart slugs
  3 ribbon worms
  119 orcs
  8 bats
  9 endoplasms
  2 giant cockroaches (D:3)
  17 goblins
  8 hobgoblins
  A quokka (D:1)
  4 ball pythons
  5 frilled lizards
  13 kobolds
  9 rats
  A butterfly (D:4)
923 creatures vanquished.

Vanquished Creatures (collateral kills)
  A vault guard (Vaults:1)
  Harold (D:9)
  A two-headed ogre (Orc:2)
  A wretched star (Abyss:2)
  A worldbinder (Abyss:2)
  A black mamba (Snake:3)
  2 salamanders (Snake:3)
  A naga mage (Snake:4)
  A yak (Lair:5)
  A naga (Snake:4)
  A gnoll sergeant (D:8)
  An orc wizard (D:8)
  4 gnolls (D:8)
17 creatures vanquished.

Vanquished Creatures (others)
  A two-headed ogre (D:9)
  Urug (Orc:2)
  A shock serpent (Snake:3)
  A skyshark (Lair:5)
  An arcanist (D:5)
  An orc warrior (Orc:2)
  2 starspawn tentacles (Snake:2)
8 creatures vanquished.

Grand Total: 948 creatures vanquished

Notes
Turn   | Place    | Note
-------+----------+-------------------------------------------
     0 | D:1      | Amplified the Minotaur Alchemist began the quest for the
                  | Orb.
     0 | D:1      | Reached XP level 1. HP: 14/14 MP: 1/1
   245 | D:1      | Reached XP level 2. HP: 12/22 MP: 1/3
   313 | D:1      | Reached skill level 1 in Fighting
   601 | D:1      | Reached skill level 1 in Maces & Flails
   660 | D:1      | Learned a level 2 spell: Mercury Vapours
   856 | D:2      | Reached XP level 3. HP: 28/28 MP: 4/4
  1292 | D:2      | Found Fogribog's Distillery.
  1298 | D:2      | Bought a potion of curing for 42 gold pieces
  1298 | D:2      | Bought a potion of heal wounds for 70 gold pieces
  1298 | D:2      | Bought a potion of degeneration for 14 gold pieces
  1298 | D:2      | Bought a potion of might for 56 gold pieces
  1311 | D:2      | Reached XP level 4. HP: 27/36 MP: 5/5
  1754 | D:3      | Reached skill level 2 in Fighting
  1878 | D:3      | Reached skill level 1 in Air Magic
  2015 | D:3      | Reached XP level 5. HP: 42/42 MP: 7/7
  2086 | D:3      | Found a faded altar of an unknown god.
  2100 | D:3      | HP: 1/42 [acid (11)]
  2481 | D:3      | Reached XP level 6. HP: 50/50 MP: 8/8
  2615 | D:4      | Reached skill level 3 in Fighting
  2910 | D:4      | Found an ancient bone altar of Kikubaaqudgha.
  3198 | D:4      | Found a staircase to the Ecumenical Temple.
  3309 | Temple   | Entered the Ecumenical Temple
  3338 | D:4      | Noticed an ice beast
  3347 | D:4      | Killed an ice beast
  3609 | D:5      | Entered Level 5 of the Dungeon
  3609 | D:5      | Found a burning altar of Makhleb.
  3632 | D:5      | Identified a scroll of acquirement
  3632 | D:5      | Acquired an amulet of reflection
  3658 | D:5      | Reached XP level 7. HP: 52/57 MP: 8/10
  4020 | D:5      | Reached skill level 4 in Fighting
  4414 | D:5      | Found a bloodstained altar of Trog.
  4432 | D:5      | Noticed a hornet
  4439 | D:5      | Killed a hornet
  4457 | D:5      | Reached XP level 8. HP: 32/67 MP: 11/11
  4613 | D:5      | Noticed a wizard
  4616 | D:5      | Killed a wizard
  4744 | D:5      | Found a radiant altar of Vehumet.
  4745 | D:5      | Found a blossoming altar of Fedhas.
  4966 | D:6      | Reached skill level 5 in Fighting
  4966 | D:6      | Reached skill level 5 in Maces & Flails
  5277 | D:6      | Noticed Blork the orc
  5450 | D:6      | Reached skill level 6 in Fighting
  5464 | D:6      | Found a glowing silver altar of Zin.
  5467 | D:6      | Found a sand-covered staircase.
  5472 | D:6      | Became a worshipper of Zin the Law-Giver
  5472 | D:6      | Reached * piety under Zin
  5481 | D:6      | Donated 117 gold pieces to Zin
  5483 | Ossuary  | Entered an ossuary
  5547 | Ossuary  | Reached XP level 9. HP: 75/75 MP: 13/13
  5573 | Ossuary  | Reached skill level 1 in Invocations
  5623 | Ossuary  | Reached ** piety under Zin
  6139 | D:6      | Found an ornate altar of the Wu Jian Council.
  6220 | D:6      | Found an opulent altar of Gozag.
  6339 | D:7      | Reached skill level 5 in Invocations
  6862 | D:8      | Found Bulec's Armour Shop.
  6885 | D:8      | Bought a +0 pair of gloves of hurling for 161 gold pieces
  7008 | D:8      | Found a flagged portal.
  7067 | Bailey   | Entered a bailey
  7117 | Bailey   | Reached *** piety under Zin
  7242 | Bailey   | Noticed an orc knight
  7276 | Bailey   | Killed an orc knight
  7277 | Bailey   | Reached XP level 10. HP: 69/84 MP: 13/15
  8069 | D:9      | Noticed Harold
  8183 | D:9      | Reached skill level 10 in Invocations
  8466 | D:9      | Noticed a two-headed ogre
  8473 | D:9      | Killed a two-headed ogre
  8491 | D:9      | Noticed a two-headed ogre
  8500 | Abyss:2  | Cast into level 2 of the Abyss (Harold)
  8521 | Abyss:2  | Noticed a large abomination
  8531 | Abyss:2  | Noticed a starcursed mass
  8550 | Abyss:2  | Noticed a large abomination
  8594 | Abyss:2  | Noticed a smoke demon
  8624 | Abyss:2  | Noticed a thrashing horror
  8635 | Abyss:2  | Killed a thrashing horror
  8680 | Abyss:2  | Noticed a smoke demon
  8691 | Abyss:2  | Killed a smoke demon
  8692 | Abyss:2  | Reached XP level 11. HP: 53/91 MP: 18/18
  8816 | Abyss:2  | Noticed a necromancer
  8825 | Abyss:2  | Noticed a wretched star
  8838 | Abyss:2  | Killed a wretched star
  8839 | Abyss:2  | Reached skill level 7 in Fighting
  8851 | D:9      | Escaped the Abyss
  8909 | D:9      | Identified the ring "Voeryogg" {rC+ EV+5}
  8939 | D:9      | Found a stormy altar of Qazlal.
  8990 | D:10     | Entered Level 10 of the Dungeon
  9350 | D:10     | Reached **** piety under Zin
  9404 | D:10     | Reached skill level 8 in Fighting
 10151 | D:11     | Noticed Nergalle
 10166 | D:11     | Killed Nergalle
 10418 | D:11     | Reached skill level 9 in Fighting
 10798 | D:11     | Reached skill level 10 in Maces & Flails
 10800 | D:11     | Reached skill level 10 in Fighting
 10802 | D:11     | Found a staircase to the Orcish Mines.
 11031 | D:11     | Found a runed translucent door.
 11032 | D:11     | Noticed HourglassMan's ghost (journeyman MiFi)
 11284 | D:11     | Reached XP level 12. HP: 100/108 MP: 19/19
 11474 | D:12     | Noticed Psyche
 11550 | D:9      | Killed Harold
 11551 | D:9      | Reached skill level 11 in Fighting
 11556 | D:9      | Found an iron altar of Okawaru.
 11563 | D:9      | Found Jankufes's General Store.
 11732 | D:9      | Killed a two-headed ogre
 11826 | D:9      | Noticed a two-headed ogre
 11834 | D:9      | Killed a two-headed ogre
 11964 | D:9      | Reached skill level 1 in Armour
 12177 | D:9      | Reached ***** piety under Zin
 12256 | D:9      | Found a staircase to the Lair.
 12276 | Lair:1   | Entered Level 1 of the Lair of Beasts
 12333 | Lair:1   | Reached skill level 12 in Fighting
 12859 | Lair:1   | Reached skill level 5 in Armour
 13101 | Lair:2   | Reached XP level 13. HP: 119/119 MP: 21/21
 13382 | Lair:2   | Reached skill level 13 in Fighting
 13515 | Lair:2   | Found an opulent altar of Gozag.
 13778 | Lair:2   | Found a staircase to the Snake Pit.
 14068 | Lair:3   | Found a staircase to the Swamp.
 14068 | Lair:3   | Noticed an eleionoma
 14090 | Lair:3   | Killed an eleionoma
 14226 | Lair:4   | Found a frozen archway.
 14352 | IceCv    | Entered an ice cave
 14367 | IceCv    | Found a transporter.
 14375 | IceCv    | Found a transporter.
 14739 | Lair:4   | Reached skill level 14 in Fighting
 14869 | Lair:5   | Entered Level 5 of the Lair of Beasts
 15330 | Lair:5   | Reached XP level 14. HP: 43/133 MP: 23/23
 15606 | Lair:5   | Reached skill level 15 in Fighting
 15710 | Lair:5   | Reached skill level 10 in Armour
 15769 | Lair:5   | Got an earthy gem with 1101 turns to spare
 15854 | Lair:5   | Found a runed translucent door.
 15855 | Lair:5   | Found a viscous altar of Jiyva.
 15855 | Lair:5   | Noticed an acid blob
 16380 | Orc:1    | Entered Level 1 of the Orcish Mines
 16449 | Orc:1    | Noticed Erolcha
 16461 | Abyss:2  | Cast into level 2 of the Abyss (Erolcha)
 16463 | Abyss:2  | Noticed a white very ugly thing
 16469 | Abyss:2  | Noticed a white very ugly thing
 16475 | Orc:1    | Escaped the Abyss
 16479 | Orc:1    | Found Anlel's Assorted Antiques.
 16705 | Orc:1    | Killed Erolcha
 16751 | Orc:1    | Bought 2 potions of haste for 620 gold pieces
 16751 | Orc:1    | Bought a scroll of fear for 124 gold pieces
 16792 | Orc:1    | Found Eviggauf's Distillery.
 16824 | Orc:1    | Bought a potion of heal wounds for 50 gold pieces
 17026 | Orc:1    | Found a transporter.
 17027 | Orc:1    | Noticed tish's ghost (adept DjFE)
 17040 | Orc:1    | Found a transporter.
 17091 | Orc:1    | Killed a white very ugly thing
 17422 | Orc:2    | Entered Level 2 of the Orcish Mines
 17426 | Orc:2    | Noticed Urug
 17503 | Orc:2    | Your ally Urug died
 18209 | Orc:2    | Reached skill level 1 in Shields
 18217 | Orc:2    | Reached skill level 15 in Invocations
 18329 | Orc:2    | Identified the +3 shortbow of a Thousand Servitors {elec,
                  | Will+ Int-3 Dex+5}
 18416 | Orc:2    | Noticed Rupert
 18422 | Orc:2    | Paralysed by Rupert for 3 turns
 18523 | D:11     | Killed Psyche
 18615 | D:12     | Reached skill level 16 in Fighting
 18637 | D:12     | Found a shimmering blue altar of Sif Muna.
 19056 | D:12     | Identified the +11 plate armour of the Doldrums {Int+6}
 19625 | D:13     | Found a gate to the Vaults.
 20611 | D:14     | Found Citobaj's Magic Scroll Emporium.
 20618 | D:14     | Bought a scroll of fear for 44 gold pieces
 20618 | D:14     | Bought a scroll of teleportation for 33 gold pieces
 20618 | D:14     | Bought a scroll of revelation for 82 gold pieces
 20618 | D:14     | Bought a scroll of enchant armour for 82 gold pieces
 20622 | D:14     | Found a gate leading to a gauntlet.
 20696 | D:15     | Entered Level 15 of the Dungeon
 20743 | D:14     | Found Xoulom's Jewellery Boutique.
 20781 | Gauntlet | Entered a Gauntlet
 20781 | Gauntlet | Found a transporter.
 20781 | Gauntlet | Found a transporter.
 20781 | Gauntlet | Found a transporter.
 20782 | Gauntlet | Found a transporter.
 20783 | Gauntlet | Found a transporter.
 20786 | Gauntlet | Found a transporter.
 20815 | Gauntlet | Found a transporter.
 20815 | Gauntlet | Found a transporter.
 20816 | Gauntlet | Found a transporter.
 20817 | Gauntlet | Found a transporter.
 20825 | Gauntlet | Found a transporter.
 20828 | Gauntlet | Found a transporter.
 21036 | Gauntlet | Reached XP level 15. HP: 145/145 MP: 25/25
 21081 | Gauntlet | Identified the ring of Ocrov {rPois SInv}
 21166 | Gauntlet | Identified the +2 great sword of Imaxt {freeze, rC+ Will+}
 21209 | Gauntlet | Identified the +3 cloak of the Will of the Gods {+Blink rC-
                  | Regen+}
 21224 | D:14     | Reached skill level 5 in Shields
 21717 | D:14     | Noticed a tengu reaver
 22270 | D:15     | Reached skill level 17 in Fighting
 23072 | D:11     | Killed HourglassMan's ghost
 23076 | D:11     | Upgraded the game from 0.31-a0-1612-g4aaf141004 to
                  | 0.31-a0-1616-gbeaec30b81
 23416 | D:6      | Killed Blork the orc
 23519 | Snake:1  | Entered Level 1 of the Snake Pit
 23564 | Snake:1  | Learned a level 2 spell: Lesser Beckoning
 23792 | Snake:1  | Reached skill level 1 in Translocations
 24342 | Snake:1  | Noticed Frances
 25249 | Snake:1  | Killed Frances
 25520 | Snake:2  | Reached XP level 16. HP: 153/157 MP: 26/26
 25545 | Snake:2  | Reached skill level 5 in Spellcasting
 25598 | Snake:2  | Got the Encyclopedia of the Quantum Maleficium
 25772 | Snake:2  | Noticed Mlioglotl
 26152 | Snake:3  | Noticed Nikola
 26328 | Snake:3  | Reached skill level 18 in Fighting
 26491 | Snake:4  | Entered Level 4 of the Snake Pit
 27317 | Snake:4  | Reached skill level 5 in Translocations
 28027 | Snake:4  | Got a serpentine rune of Zot
 28175 | Snake:2  | Noticed a tentacled starspawn
 28205 | Snake:2  | Noticed a bone dragon
 28345 | D:8      | Bought a +2 pair of boots of stealth for 301 gold pieces
 28536 | Vaults:1 | Entered Level 1 of the Vaults
 28825 | Vaults:1 | Noticed a Brimstone Fiend
 28962 | Vaults:1 | Reached XP level 17. HP: 137/163 MP: 27/27
 28991 | Vaults:1 | Donated 95 gold pieces to Zin
 29650 | Vaults:1 | Found Qimy's Assorted Antiques.
 30112 | Vaults:2 | Paralysed by a vampire knight for 4 turns
 30129 | Vaults:2 | Noticed a golden dragon
 30205 | Vaults:2 | Killed from afar by an ironbound thunderhulk

Illustrated notes

Levels and vault maps discovered:
D:1:      dpeg_cavernosity, layout_basic
D:2:      layout_basic, serial_shops, shop
D:3:      kennysheep_six_static_rooms, layout_rooms,
          shapermc_ecumenical_altar_pompeii, minmay_distorted
D:4:      layout_loops_corners, mainiacjoe_overflow_surrounded_room,
          minmay_temple_entry_butterflies
D:5:      layout_basic, trog_wizard, amcnicky_altar_gilded,
          nicolae_overflow_hidden_temple
D:6:      minmay_flawed_box, layout_cave_pools, grunt_gozag_breadcrumbs,
          mainiacjoe_overflow_boulevard,
          mainiacjoe_overflow_concentric_impassable,
          lightli_ossuary_entry_decrepit_ruins, uniq_blork_the_orc
D:7:      layout_cave_pools
D:8:      layout_basic, enter_bailey_3, serial_shops, shop
D:9:      nzn_winding_woodlands_medium [nzn_winding_woodlands_hourglass,
          nzn_winding_woodlands_5x15_default, nzn_winding_woodlands_5x5_cross,
          nzn_winding_woodlands_5x5_checkerboard,
          nzn_winding_woodlands_center_pierced_h,
          nzn_winding_woodlands_5x5_default,
          nzn_winding_woodlands_5x5_closed_star,
          nzn_winding_woodlands_5x15_split_checker,
          nzn_winding_woodlands_5x5_three], layout_rooms, grunt_qazlal_clouds,
          mainiacjoe_overflow_chevrons, grunt_lair_entry_orc_guard_hut,
          serial_shops, nicolae_shop_tiny_real_fake_doors, uniq_harold
D:10:     layout_cave_pods, hangedman_tell_no_tales
D:11:     layout_loops_ring, erik_orc_1, gammafunk_ghost_grave, uniq_nergalle
D:12:     layout_rooms, nicolae_sif_muna_condensation, uniq_psyche
D:13:     layout_basic, david_vaults_4
D:14:     layout_roguey, serial_park_avenue1, serial_shops,
          nicolae_shop_gaudy_bauble, shop, gauntlet_entry_generic,
          dilly_guarded_unrand_elemental_staff
D:15:     regret_index_condemned_cage, layout_basic, small_statue_alley_a
Temple:   hellmonk_temple_forest_ring
Lair:1:   layout_long_grid, special_room [special_room_bee],
          grunt_forest_large_clearings
Lair:2:   layout_hall_layers, minmay_snake_entry_guardpost_small, basic_altar,
          small_statue_intersection
Lair:3:   layout_layer_cave, alex1729_swamp_entry_worm_eleionoma,
          grunt_megastairs_4
Lair:4:   layout_cave_pods, portal_ice_cave_rime, basic_altar,
          minmay_stone_trees_medium
Lair:5:   grunt_lair_end_beastmaster, layout_regular_city, slime_entry_2
Snake:1:  layout_onion, nicolae_snake_snakewalk, uniq_frances
Snake:2:  layout_honeycomb, uniq_mlioglotl, uniq_saint_roka
Snake:3:  layout_gridlike, grunt_ministairs_8, uniq_nikola
Snake:4:  minmay_snake_end_coiled, layout_cave_town
Orc:1:    layout_caves, gammafunk_ghost_berserking_beasts, serial_shops,
          nicolae_shop_overgrown_old_shop, shop, uniq_erolcha
Orc:2:    pubby_orc_utopia, uniq_urug, uniq_rupert
Vaults:1: ontoclasm_vaults_spin, dpeg_vaults_monster_box,
          nicolae_vaults_murderbox, hangedman_vaults_capsules,
          vaults_room_grunt_arrival_checkpoint,
          nicolae_vaults_closet_pinwheel_1, nicolae_vaults_house_2,
          vaults_dpeg_ring, ontoclasm_vaults_pinch, v_misc_32,
          nicolae_vaults_tetromino_T_1, vaults_mumra_lcd,
          layout_vaults_big_room, serial_shops, nicolae_shop_stone
Vaults:2: nicolae_vaults_specimen_jars, nicolae_vaults_storage_room_doors,
          minmay_crypt_entry_simple_sparse, nicolae_vaults_house_2, v_rooms_1,
          vaults_room_pool, v_alt_pattern_5, vaults_room_corners,
          ontoclasm_vaults_eye, layout_vaults_omnigrid

Skill      XL: |  1  2  3  4  5  6  7  8  9 10 11 12 13 14 15 16 17 |
---------------+----------------------------------------------------+-----
Fighting       | 1 2 3 4 6 10 12 14 16 17 18 | 18.1
Maces & Flails | 1 2 3 4 6 10 12 | 12.7
Spellcasting   | 2 3 4 7 8 |  8.2
Air Magic      | 1 2 3 |  3.6
Alchemy        | 3 4 |  4.4
Invocations    | 8 11 12 14 15 | 15.9
Armour         | 5 9 11 12 | 12.5
Shields        | 4 7 8 |  8.7
Translocations | 3 6 7 |  7.7
Dodging        | |  2.6
Stealth        | |  1.5
Conjurations   | |  0.6

Action                     |  1- 3 |  4- 6 |  7- 9 | 10-12 | 13-15 | 16-18 || total
---------------------------+-------+-------+-------+-------+-------+-------++-------
  Melee: Club              |    70 |       |       |       |       |       ||    70
         Headbutt          |    11 |    29 |   119 |   221 |   672 |   355 ||  1407
         Unarmed           |     1 |       |       |       |       |       ||     1
         Punch             |     1 |     2 |     8 |     7 |    13 |       ||    31
         Great mace        |    15 |    80 |       |       |       |       ||    95
         Whip              |       |   129 |   462 |   891 |  2155 |  1053 ||  4690
         Morningstar       |       |       |       |       |    37 |       ||    37
  Throw: Throwing net      |       |       |     3 |       |       |       ||     3
   Cast: Sting             |     3 |       |       |       |       |       ||     3
         Mercury Vapours   |       |       |     2 |       |     1 |       ||     3
         Lesser Beckoning  |       |       |       |       |     1 |     3 ||     4
 Invoke: Recite            |       |       |    10 |    19 |    48 |    43 ||   120
         Donate Gold       |       |       |     1 |       |       |     1 ||     2
         Vitalisation      |       |       |       |    16 |    47 |    26 ||    89
         Sanctuary         |       |       |       |       |     1 |       ||     1
         Imprison          |       |       |       |       |     2 |     1 ||     3
  Evoke: Wand              |       |       |     8 |    11 |    35 |     8 ||    62
         Lightning rod     |       |       |       |       |     8 |     6 ||    14
         Phantom mirror    |       |       |       |       |     3 |     2 ||     5
         Condenser vane    |       |       |       |       |       |     2 ||     2
    Use: Scroll            |     9 |     4 |    10 |     9 |    26 |    13 ||    71
         Potion            |       |     1 |     7 |    13 |    19 |     3 ||    43
   Stab: Sleeping          |     5 |     1 |       |       |       |       ||     6
         Held in net/web   |       |       |     1 |       |       |       ||     1
         Invisible         |       |       |     2 |     5 |     6 |     4 ||    17
         Confused          |       |       |     2 |     4 |    26 |    32 ||    64
         Paralysed         |       |       |       |    10 |     3 |       ||    13
         Petrified         |       |       |       |       |     5 |       ||     5
         Petrifying        |       |       |       |       |     1 |       ||     1
 Armour: Robe              |    43 |       |       |       |       |       ||    43
         Leather armour    |    16 |     4 |       |       |       |       ||    20
         Ring mail         |       |   146 |   316 |   390 |   479 |       ||  1331
         Skin              |       |       |     3 |       |       |       ||     3
         Plate armour      |       |       |       |       |   526 |   671 ||  1197
  Dodge: Dodged            |    66 |   136 |   238 |   487 |   785 |   294 ||  2006
  Block: Other             |       |     1 |    81 |   132 |   130 |       ||   344
         Reflection        |       |       |     2 |     1 |    27 |       ||    30
         Buckler           |       |       |       |       |   228 |       ||   228
         Kite shield       |       |       |       |       |   261 |   582 ||   843

Table legend: (Time is in decaauts)
 A = Elapsed time spent in this place.
 B = Non-inter-level travel time spent in this place.
 C = Inter-level travel time spent in this place.
 D = Time resting spent in this place.
 E = Time spent auto-exploring this place.
 F = Levels seen in this place.
 G = Mean time per level.
                   A        B        C        D        E       F      G
               +--------+--------+--------+--------+--------+-----+--------+
         Total |  28270 |  25580 |   2690 |   2840 |  10750 |  35 |  807.7 |
       Dungeon |  15816 |  13758 |   2058 |   1723 |   7567 |  15 | 1054.4 |
        Temple |      1 |      1 |      0 |      0 |      0 |   1 |    1.0 |
          Lair |   3216 |   2931 |    285 |     31 |    381 |   5 |  643.2 |
     Snake Pit |   4292 |   4099 |    193 |    465 |   1037 |   4 | 1073.0 |
  Orcish Mines |   1622 |   1565 |     57 |    212 |    925 |   2 |  811.0 |
        Vaults |   1513 |   1417 |     96 |     79 |    378 |   2 |  756.5 |
         Abyss |    294 |    294 |      0 |      0 |     97 |   2 |  147.0 |
       Ossuary |    322 |    322 |      0 |     34 |    143 |   1 |  322.0 |
        Bailey |    467 |    467 |      0 |     94 |     80 |   1 |  467.0 |
      Ice Cave |    325 |    325 |      0 |    198 |      0 |   1 |  325.0 |
      Gauntlet |    397 |    397 |      0 |      4 |    142 |   1 |  397.0 |
               +--------+--------+--------+--------+--------+-----+--------+

Top non-repeatable levels by time:
    D:11: 2082 daAuts
     D:5: 1612 daAuts
 Snake:1: 1481 daAuts
    D:13: 1380 daAuts
Vaults:1: 1354 daAuts
 Snake:4: 1300 daAuts
     D:8: 1230 daAuts
     D:9: 1176 daAuts
    D:10: 1171 daAuts
    D:14: 1053 daAuts
     D:4: 1047 daAuts
   Orc:1: 985 daAuts
  Lair:5: 961 daAuts
     D:6: 944 daAuts
     D:2: 906 daAuts
